 Dungeon Crawl Stone Soup version 0.17.1-3-g152610e (webtiles) character file.

703 Gargoyl the Covered (level 7, 0/55 HPs)
             Began as a Demonspawn Abyssal Knight on Apr 17, 2016.
             Was a Believer of Lugonu.
             Slain by an orc warrior
             ... wielding a +0 glaive
              (7 damage)
             ... on level 7 of the Dungeon.
             The game lasted 00:19:26 (6371 turns).

Gargoyl the Covered (Demonspawn Abyssal Knight)     Turns: 6371, Time: 00:19:26

Health: 0/55       AC: 16    Str: 14      XL:     7   Next: 39%
Magic:  9/9        EV:  3    Int: 12 (13) God:    Lugonu [**....]
Gold:   274        SH:  3    Dex: 13      Spells: 0 memorised, 6 levels left

rFire  + . .     SeeInvis .     a - +1 hand axe
rCold  . . .     Clarity  .     e - +0 plate armour
rNeg   . . .     SustAt   .     o - +0 buckler
rPois  .         Gourm    .     q - +0 helmet
rElec  .         Spirit   .     (no cloak)
rCorr  .         Warding  .     (no gloves)
rMut   .         Stasis   .     (no boots)
MR     .....                    (no amulet)
Stlth  ..........               (no ring)
                                l - ring of protection from fire

@: not resistant to hostile enchantments, extremely unstealthy
A: molten scales 2, nightstalker 1, powered by pain 1
a: Depart the Abyss, Bend Space, Renounce Religion


You were on level 7 of the Dungeon.
You worshipped Lugonu.
Lugonu was pleased with you.
You were not hungry.

You visited 1 branch of the dungeon, and saw 7 of its levels.
You visited the Abyss 1 time.

You collected 274 gold pieces.

Inventory:

Hand Weapons
 a - a +1 hand axe (weapon)
 A - a +1 spear of flaming
Missiles
 i - 31 poisoned needles
 y - 12 tomahawks (quivered)
Armour
 e - a +0 plate armour (worn)
 o - a +0 buckler (worn)
 q - a +0 helmet (worn)
Jewellery
 f - an uncursed ring of ice
 h - a cursed ring of sustain attributes {unknown}
 l - a ring of protection from fire (left hand)
Wands
 r - a wand of slowing (8)
Scrolls
 j - 6 scrolls of remove curse
 m - a scroll of amnesia
 n - a scroll of noise {unknown}
 s - 2 scrolls of identify
 t - a scroll of recharging {unknown}
 u - 2 scrolls of teleportation {unknown}
 v - a scroll of blinking {unknown}
 x - a scroll of random uselessness {unknown}
 B - a scroll of enchant weapon {unknown}
Potions
 k - 2 potions of degeneration
Comestibles
 b - a meat ration
 c - 3 bread rations
 g - 12 fruits
 p - a chunk of flesh
 w - 3 beef jerkies
 z - 2 royal jellies


   Skills:
 + Level 4.3 Fighting
 + Level 3.5(3.6) Axes
 + Level 0.3(2.2) Polearms
 * Level 5.7 Armour
 + Level 1.2 Dodging
 + Level 0.4 Stealth
 + Level 0.6 Shields
 + Level 3.2 Invocations
 + Level 0.2 Evocations


You had 6 spell levels left.
You didn't know any spells.

Dungeon Overview and Level Annotations

Branches:
Dungeon (7/15)
 Temple: D:4-7

Altars:
Ashenzari
Cheibriados
Dithmenos
Elyvilon
Fedhas
Makhleb
Nemelex Xobeh
Okawaru
Qazlal
Ru
Sif Muna
Yredelemnul
The Shining One

Shops:
D:4 (

Annotations:
D:5 stigbert's ghost, amateur MiBe


Innate Abilities, Weirdness & Mutations

You are mostly covered in molten scales (AC +3, EV -1).
You are slightly more attuned to the shadows.
You sometimes gain a little power by taking damage.


Message History

You hit the orc warrior but do no damage.
The orc warrior is lightly wounded.
The orc warrior barely misses you.
An orc wizard comes into view. It is wielding a dagger.
The orc wizard shouts!
You hit the orc warrior but do no damage.
The orc warrior is lightly wounded.
The orc wizard mumbles some strange words.
The orc wizard flickers and vanishes!
Deactivating autopickup; reactivate with Ctrl-A.
You barely miss the orc warrior.
The orc warrior is lightly wounded.
The orc warrior hits you but does no damage.
An orc wizard comes into view. It is wielding a dagger.
The orc wizard shouts!
You hit the orc warrior.
The orc warrior is lightly wounded.
The orc wizard casts a spell.
The orc wizard seems to speed up.
The orc warrior hits you with a glaive!
You die...

##### ############
.#..#.##...##.....#
.......)..<)#....##
..(....))...#....#
.o..........'....#
..<.(.......#....#
............#....#
......o.....#....#
######.@.####.#..# ###
#+####..###...####+####
##.#
.........(....#.....#
#...
..............#.....#
#...
..............#.....#
#...
..............#.....#
#...
..............'.....#
#...
..............#.....#
#...
..............#.....#
#...


You could see an orc warrior and an orc wizard.

Vanquished Creatures
  Eustachio (D:4)
  A centaur (D:5)
  A scorpion (D:7)
  A killer bee (D:7)
  A giant frog skeleton (D:6)
  An orc priest (D:6)
  An iguana (D:4)
  A hound (D:7)
  An orc wizard (D:7)
  4 worker ants
  Robin (D:2)
  5 adders
  2 adder skeletons
  3 worms
  3 giant geckos
  10 orcs
  A ball python (D:1)
  4 bats
  10 hobgoblins
  5 kobolds
  3 quokkas
  4 giant cockroaches
  4 giant newts
  12 goblins
  5 rats
85 creatures vanquished.

Notes
Turn   | Place    | Note
--------------------------------------------------------------
     0 | Abyss:1  | Gargoyl the Demonspawn Abyssal Knight began the quest for the Orb.
     0 | Abyss:1  | Reached XP level 1. HP: 18/18 MP: 2/2
    65 | Abyss:2  | Noticed a small abomination
   101 | Abyss:3  | Noticed a hell hound
   101 | D:1      | Escaped the Abyss
   607 | D:1      | Gained mutation: You are partially covered in molten scales (AC +1). [demonic ancestry]
   607 | D:1      | Reached XP level 2. HP: 24/24 MP: 4/4
   615 | D:1      | Reached * piety under Lugonu
   829 | D:2      | Reached skill level 1 in Dodging
  1063 | D:2      | Noticed Robin
  1096 | D:2      | Gained mutation: You sometimes gain a little power by taking damage. [demonic ancestry]
  1096 | D:2      | Reached XP level 3. HP: 21/29 MP: 5/5
  1134 | D:2      | Killed Robin
  1729 | D:3      | Reached ** piety under Lugonu
  1837 | D:3      | Gained mutation: You are slightly more attuned to the shadows. [demonic ancestry]
  1837 | D:3      | Reached XP level 4. HP: 19/35 MP: 6/6
  2463 | D:3      | Found a white marble altar of Elyvilon.
  3146 | D:4      | Reached XP level 5. HP: 10/42 MP: 7/7
  3677 | D:4      | Found a snail-covered altar of Cheibriados.
  4103 | D:4      | Found a burning altar of Makhleb.
  4103 | D:4      | Found a blossoming altar of Fedhas.
  4117 | D:4      | Found an iron altar of Okawaru.
  4118 | D:4      | Found a shadowy altar of Dithmenos.
  4119 | D:4      | Found a sacrificial altar of Ru.
  4119 | D:4      | Found a basalt altar of Yredelemnul.
  4119 | D:4      | Found a shattered altar of Ashenzari.
  4119 | D:4      | Found a glowing golden altar of the Shining One.
  4120 | D:4      | Found a sparkling altar of Nemelex Xobeh.
  4121 | D:4      | Found a stormy altar of Qazlal.
  4122 | D:4      | Found a deep blue altar of Sif Muna.
  4193 | D:4      | Noticed Eustachio
  4232 | D:4      | Killed Eustachio
  4232 | D:4      | Reached skill level 4 in Fighting
  4232 | D:4      | Reached XP level 6. HP: 36/48 MP: 8/8
  4467 | D:4      | Found Etzoul's Weapon Emporium.
  4613 | D:5      | Entered Level 5 of the Dungeon
  5052 | D:5      | Noticed stigbert's ghost (amateur MiBe)
  5339 | D:6      | Reached skill level 5 in Armour
  5462 | D:6      | Gained mutation: You are mostly covered in molten scales (AC +3, EV -1). [demonic ancestry]
  5462 | D:6      | Reached XP level 7. HP: 43/54 MP: 9/9
  6371 | D:7      | Slain by an orc warrior

Action                   |  1- 3 |  4- 6 |  7- 9 || total
-------------------------+-------+-------+-------++-------
Melee: Hand axe          |   152 |   188 |    85 ||   425
       Spear             |       |    68 |       ||    68
Throw: Tomahawk          |       |       |    11 ||    11
Invok: Depart the Abyss  |     1 |       |       ||     1
Evoke: Wand              |       |     1 |     1 ||     2
  Use: Potion            |       |     7 |     3 ||    10
       Scroll            |       |     5 |       ||     5
 Stab: Invisible         |       |     2 |       ||     2
  Eat: Chunk             |     3 |     8 |     3 ||    14
       Bread ration      |       |     1 |       ||     1
